 Dungeon Crawl Stone Soup version 0.26-a0-651-gb41185065b (webtiles) character file.

Game seed: 10445693363873315384

(classic levelgen) 6 EnegeticOcto the Sneak (level 1, -13/20 HPs)
             Began as a Deep Dwarf Delver on Oct 23, 2020.
             Mangled by an orc warrior
             ... wielding a +0 scimitar
              (18 damage)
             ... on level 6 of the Dungeon.
             The game lasted 00:00:12 (32 turns).

EnegeticOcto the Sneak (Deep Dwarf Delver)            Turns: 32, Time: 00:00:12

Health: -13/20     AC:  3    Str: 15    XL:     1   Next: 75%
Magic:  1/1        EV: 12    Int: 10    God:
Gold:   0          SH:  0    Dex: 14    Spells: 0/0 levels left

rFire    . . .     SeeInvis .   a - +0 hand axe
rCold    . . .     Faith    .   (no shield)
rNeg     . . .     Spirit   .   b - +0 leather armour
rPois    .         Reflect  .   (no helmet)
rElec    .         Harm     .   (no cloak)
rCorr    .         Rampage  .   (no gloves)
MR       .....                  (no boots)
Stlth    +++.......             (no amulet)
HPRegen  0.00/turn              (no ring)
MPRegen  0.07/turn              (no ring)

@: non-regenerating
A: damage resistance, heal wounds, sense surroundings 1, no regeneration
a: Heal Wounds


You were on level 6 of the Dungeon.
You visited 1 branch of the dungeon, and saw 2 of its levels.

Inventory:

Hand Weapons
 a - a +0 hand axe (weapon)
Armour
 b - a +0 leather armour (worn)
Wands
 g - a wand of digging (3) {@v3}
Scrolls
 c - a scroll of fog
 d - a scroll of magic mapping {@r5}
 e - a scroll of fear
Potions
 f - a potion of haste {@q4}


   Skills:
 + Level 2.8 Fighting
 + Level 2.3 Axes
 + Level 2.3 Dodging
 + Level 6.1 Stealth


You couldn't memorise any spells.
You didn't know any spells.
Your spell library was empty.

Dungeon Overview and Level Annotations

Branches:
Dungeon (6/15)
 Temple: D:4-7

Altars:


Innate Abilities, Weirdness & Mutations

You are resistant to damage.
You can heal yourself by infusing magical energy.
You passively map a small area around you.
You do not regenerate.


Message History

Welcome, EnegeticOcto the Deep Dwarf Delver.
Will you be the one to retrieve the legendary Orb of Zot from the depths?
Press ? for a list of commands and other information.
Found 17 arrows.
Found a stone staircase leading down.
You climb downwards.
There is a stone staircase leading up here.
An orc comes into view.
It is wielding a +1 whip of venom. 2 orcs and an orc warrior come into view.
The orc warrior shouts!
The orc shouts! x2
The orc warrior moves out of view.
An orc priest comes into view. It is wielding a +0 hand axe.
The orc priest shouts!
The orc priest moves out of view.
You hit the orc but do no damage. The orc closely misses you.
You hit the orc.
The orc is severely wounded.
The orc hits you with a +1 whip of venom.
The orc shouts!
You hit the orc.
The orc is almost dead.
The orc completely misses you.
You hit the orc.
You kill the orc!
You hit the orc.
The orc is severely wounded.
The orc hits you but does no damage.
You closely miss the orc.
The orc is severely wounded.
You barely miss the orc.
The orc is severely wounded.
You hit the orc. The orc barely misses you. The orc hits you with a +0 club.
You hit the orc.
You kill the orc!
You hit the orc. The orc barely misses you.
You hit the orc.
You kill the orc!
You hit the orc warrior but do no damage.
The orc warrior barely misses you.
You hit the orc warrior but do no damage.
The orc warrior barely misses you.
You hit the orc priest.
The orc priest is moderately wounded.
You hit the orc warrior but do no damage.
The orc priest closely misses you. The orc warrior barely misses you.
You hit the orc priest but do no damage.
The orc priest is moderately wounded.
You hit the orc warrior but do no damage.
The orc priest mumbles some strange prayers to Beogh against you.
Pain shoots through your body!
Ouch! That really hurt!
* * * LOW HITPOINT WARNING * * *
The orc warrior hits you with a +0 scimitar!!
Ouch! That really hurt!
You die...

, , , * * , , ,,
* * , ,* , , * ,,
, * , ,, , , **
*, ,, ##### * *
** #@o.# ,, ,
#o#.### *### ,
#ooo...#<..####.#
########.#......#
, #.#......#,
#.#.######, #.#..
, , , #.#### #..
,,


You could see an orc warrior and an orc priest.

Vanquished Creatures
  3 orcs (D:6)
3 creatures vanquished.

Notes
Turn   | Place    | Note
-------+----------+-------------------------------------------
     0 | D:5      | EnegeticOcto the Deep Dwarf Delver began the quest for the
                  | Orb.
     0 | D:5      | Reached XP level 1. HP: 20/20 MP: 1/1
    19 | D:6      | Noticed an orc warrior
    19 | D:6      | Noticed an orc priest
    32 | D:6      | Mangled by an orc warrior

Illustrated notes

Levels and vault maps discovered:
D:5:      layout_loops_ring, basic_altar, gammafunk_ghost_necromancy,
          serial_shops, shop_statue
D:6:      minmay_inner_zag, layout_basic

Action                   || total
-------------------------++-------
Melee: Hand axe          ||    12
Armor: Leather armour    ||     1
Dodge: Dodged            ||     8

Table legend: (Time is in decaauts)
 A = Elapsed time spent in this place.
 B = Non-inter-level travel time spent in this place.
 C = Inter-level travel time spent in this place.
 D = Time resting spent in this place.
 E = Time spent auto-exploring this place.
 F = Levels seen in this place.
 G = Mean time per level.
                   A        B        C        D        E       F      G
               +--------+--------+--------+--------+--------+-----+--------+
         Total |     33 |     33 |      0 |      0 |      0 |   2 |   16.5 |
       Dungeon |     33 |     33 |      0 |      0 |      0 |   2 |   16.5 |
               +--------+--------+--------+--------+--------+-----+--------+

Top non-repeatable levels by time:
     D:6: 32 daAuts
     D:5: 1 daAuts
